 Dungeon Crawl Stone Soup version 0.16.2-2-g470672f (webtiles) character file.

5287 FruitAndGarbage the Thaumaturge (level 10, -14/58 HPs)
             Began as a Deep Elf Ice Elementalist on Aug 26, 2015.
             Was a Believer of Kikubaaqudgha.
             Blown up by Dowan (21 damage)
             ... with a wand of disintegration
             ... on level 8 of the Dungeon.
             The game lasted 00:41:43 (8406 turns).

FruitAndGarbage the Thaumaturge (DEIE)              Turns: 8406, Time: 00:41:44

Health: -14/58     AC: 20    Str:  3    XL:     10   Next: 37%
Magic:  3/30       EV: 16    Int: 32    God:    Kikubaaqudgha [**....]
Gold:   397        SH:  8    Dex: 17    Spells: 8 memorised, 1 level left

rFire  + . .     SeeInvis .     u - +9 hand axe of Piral {freeze, Contam rF+ Dex+2} (curse)
rCold  . . .     Clarity  .     D - +2 robe {rN+}
rNeg   + . .     SustAb   .     (no shield)
rPois  .         Gourm    .     (no helmet)
rElec  .         Spirit   .     m - +1 cloak
rCorr  +         Warding  .     (no gloves)
rMut   .         Stasis   .     (no boots)
MR     +....                    n - amulet of resist corrosion
Stlth  +++.......               z - +4 ring of protection
                                p - +6 ring of intelligence

@: icy armour, icy shield, somewhat resistant to hostile enchantments, fairly
stealthy
A: clever 1, screaming 1, weak 1
a: Receive Corpses, Renounce Religion


You were on level 8 of the Dungeon.
You worshipped Kikubaaqudgha.
Kikubaaqudgha was pleased with you.
You were not hungry.

You visited 1 branch of the dungeon, and saw 8 of its levels.

You collected 397 gold pieces.

Inventory:

Hand weapons
 f - a +4 quarterstaff of chaos
 o - a +4 dagger of distortion
 u - the cursed +9 hand axe of Piral (weapon) {freeze, Contam rF+ Dex+2}
   (You found it on level 5 of the Dungeon)

   It has been specially enchanted to freeze those struck by it, causing extra
   injury to most foes and up to half again as much damage against particularly
   susceptible opponents.
   It can also slow down cold-blooded creatures.
   It affects your dexterity (+2).
   It protects you from fire.
   It causes magical contamination when unequipped.
   It has a curse placed upon it.
Armour
 m - a +1 cloak (worn)
 D - a +2 robe of positive energy (worn)
Magical staves
 G - an uncursed staff of wizardry
Jewellery
 g - a cursed amulet of stasis
 n - an amulet of resist corrosion (around neck)
 p - a +6 ring of intelligence (left hand)
 z - a +4 ring of protection (right hand)
Magical devices
 y - a wand of draining (10)
Scrolls
 e - a scroll of fog
 i - 6 scrolls of remove curse
 k - 3 scrolls of magic mapping
 l - 3 scrolls of enchant weapon
 r - 2 scrolls of amnesia
 s - 3 scrolls of identify
 v - a scroll of recharging
Potions
 a - a potion of curing
 w - a potion of might
 A - a potion of flight
 E - a potion of mutation
 F - 2 potions of heal wounds
Books
 b - a book of Frost

   Spells                             Type                      Level
   a - Freeze                         Ice                          1
   b - Throw Frost                    Conjuration/Ice              2
   c - Ozocubu's Armour               Charms/Ice                   3
   d - Throw Icicle                   Conjuration/Ice              4
   e - Summon Ice Beast               Ice/Summoning                4
   f - Condensation Shield            Ice                          4
 q - Kikubaaqudgha's Tome of Evil Arts
   (Kikubaaqudgha gifted it to you on level 5 of the Dungeon)

   Spells                             Type                      Level
   a - Pain                           Necromancy                   1
   b - Corpse Rot                     Necromancy                   2
   c - Sublimation of Blood           Necromancy                   2
   d - Regeneration                   Charms/Necromancy            3
   e - Control Undead                 Necromancy                   4
 x - a book of Clouds

   Spells                             Type                      Level
   a - Mephitic Cloud                 Conjuration/Poison/Air       3
   b - Conjure Flame                  Conjuration/Fire             3
   c - Poisonous Cloud                Conjuration/Poison/Air       6
   d - Freezing Cloud                 Conjuration/Ice/Air          6
   e - Ring of Flames                 Charms/Fire                  7
Comestibles
 c - 4 bread rations
 d - 4 chunks of flesh
 h - 4 fruits
 j - 4 meat rations
 t - 2 royal jellies
 B - 2 beef jerkies
 C - 7 slices of pizza


   Skills:
 * Level 4.4 Fighting
 + Level 0.6 Staves
 * Level 3.9 Armour
 * Level 6.6 Dodging
 + Level 3.9 Stealth
 + Level 8.7 Spellcasting
 * Level 5.7 Conjurations
 * Level 7.4 Charms
 * Level 4.9 Necromancy
 + Level 7.3 Ice Magic
 * Level 0.4 Air Magic


You had one spell level left.
You knew the following spells:

 Your Spells              Type           Power        Failure   Level  Hunger
a - Freeze                Ice            ####         1%          1    None
b - Throw Frost           Conj/Ice       ######       1%          2    None
c - Ozocubu's Armour      Chrm/Ice       ######..     1%          3    None
d - Condensation Shield   Ice            ######....   1%          4    None
e - Throw Icicle          Conj/Ice       ######..     2%          4    None
f - Regeneration          Chrm/Necr      ######....   1%          3    None
g - Sublimation of Blood  Necr           #####.....   1%          2    None
h - Freezing Cloud        Conj/Ice/Air   #####.....   85%         6    #####..


Dungeon Overview and Level Annotations

Branches:
Dungeon (8/15)             Temple (0/1) D:7
   Lair: D:8-11

Altars:
Ashenzari
Dithmenos
Elyvilon
Gozag
Kikubaaqudgha
Nemelex Xobeh
Okawaru
Qazlal
Ru
Trog
Vehumet
Zin
The Shining One

Shops:
D:5 *

Annotations:
D:8 Dowan


Innate Abilities, Weirdness & Mutations

Your mind is acute. (Int +2)
You occasionally shout uncontrollably at your foes.
You are weak. (Str -2)


Message History

Dowan casts a spell.
Dowan blinks!
Casting: Ozocubu's Armour
Confirm with . or Enter, or press ? or * to list all spells.
Aiming: Throw Icicle
Press: ? - help, Shift-Dir - straight line, f - Dowan
Aim: Dowan, wielding a dagger, wearing a robe and carrying a wand of disintegration {zapped: 1} (fast)
The shard of ice hits Dowan.
Dowan is almost dead.
Dowan zaps a wand.
You are blasted!
Casting: Throw Icicle
Confirm with . or Enter, or press ? or * to list all spells.
Aiming: Throw Icicle
Press: ? - help, Shift-Dir - straight line, f/p - Dowan
Aim: Dowan, wielding a dagger, wearing a robe and carrying a wand of disintegration {zapped: 2} (almost dead, fast)
The shard of ice misses Dowan.
Dowan zaps a wand.
You are blasted!
* * * LOW HITPOINT WARNING * * *
Dowan zaps a wand.
You are blasted!
You die...
Kikubaaqudgha rasps: "You have failed me!
Welcome... death!"

#....#.##.####
#......#..##.#
.......#..##.# # ##
#.............. # . ##.
#......_#..#... z#. ..
#.......#...... 5z#
.###..............
#z##.##....#.(##.##..
##)#@##.......##.##..
#...#..#......##.##..
#.#Z.#.)#......##.##..
..#e##.#......##.##.#
#ยง..##.##......##.##.#
..# ###.#.#..#.....# .#
### #.(#.##..#).##.##.#
##
.Z.##.###............
.....####.##
#............


You could see Dowan and a centaur zombie.

Vanquished Creatures
  Erolcha (D:8)
  A hill giant (D:8)
  Psyche (D:8)
  The ghost of strelet the Covered, an average GrFi (D:4)
  2 wraiths (D:7)
  A human (D:7)
  Menkaure (D:6)
  An orc warrior (D:7)
  An ice beast (D:7)
  2 phantoms
  2 ogres (D:4)
  6 centaurs
  The ghost of strelet the Covered, an average GrFi (D:3)
  Duvessa (D:8)
  2 giant frogs
  6 wights
  3 scorpions
  2 crimson imps
  5 hounds
  A giant frog zombie (D:7)
  2 goliath beetles (D:6)
  A jelly (D:7)
  Crazy Yiuf (D:3)
  A centaur zombie (D:8)
  3 human zombies (D:7)
  A centaur skeleton (D:8)
  A giant frog skeleton (D:3)
  2 human skeletons (D:7)
  4 orc priests
  7 orc wizards
  2 iguanas
  4 sheep (D:7)
  7 worker ants
  2 hound zombies (D:8)
  3 mummies
  A worker ant zombie (D:7)
  7 adders
  13 gnolls
  2 shadow imps
  4 worms
  3 giant geckos
  2 oozes
  27 orcs
  7 giant cockroaches
  7 hobgoblins
  4 jackals (D:6)
  10 kobolds
  15 bats
  6 giant newts
  7 goblins
  4 quokkas
  A quokka zombie (D:6)
  22 rats
224 creatures vanquished.

Notes
Turn   | Place    | Note
--------------------------------------------------------------
     0 | D:1      | FruitAndGarbage, the Deep Elf Ice Elementalist, began the quest for the Orb.
     0 | D:1      | Reached XP level 1. HP: 10/10 MP: 5/5
   198 | D:1      | Reached XP level 2. HP: 11/16 MP: 3/8
   203 | D:1      | Learned a level 2 spell: Throw Frost
   646 | D:2      | Reached XP level 3. HP: 20/20 MP: 9/11
   651 | D:2      | Learned a level 3 spell: Ozocubu's Armour
   669 | D:2      | Found a sacrificial altar of Ru.
   860 | D:2      | Found a shadowy altar of Dithmenos.
   901 | D:2      | Reached skill level 4 in Ice Magic
  1088 | D:2      | Reached XP level 4. HP: 14/24 MP: 8/14
  1094 | D:2      | Learned a level 4 spell: Condensation Shield
  1200 | D:2      | Found an opulent altar of Gozag.
  1284 | D:2      | Found a glowing golden altar of the Shining One.
  1288 | D:2      | Found a glowing silver altar of Zin.
  1289 | D:2      | Found a white marble altar of Elyvilon.
  1512 | D:3      | Reached skill level 1 in Fighting
  1535 | D:3      | Found a sparkling altar of Nemelex Xobeh.
  1667 | D:3      | Reached XP level 5. HP: 29/29 MP: 10/18
  1670 | D:3      | Reached skill level 1 in Charms
  1675 | D:3      | Reached skill level 1 in Armour
  1753 | D:3      | Noticed strelet's ghost (average GrFi)
  1975 | D:3      | Killed strelet's ghost
  1975 | D:3      | Reached XP level 6. HP: 11/35 MP: 4/20
  2271 | D:3      | Learned a level 4 spell: Throw Icicle
  2486 | D:3      | Found a shattered altar of Ashenzari.
  2643 | D:3      | Noticed Crazy Yiuf
  2656 | D:3      | Killed Crazy Yiuf
  3201 | D:4      | Reached skill level 5 in Spellcasting
  3201 | D:4      | Reached XP level 7. HP: 35/40 MP: 13/22
  3230 | D:4      | Noticed strelet's ghost (average GrFi)
  3238 | D:4      | Killed strelet's ghost
  3375 | D:4      | Found an ancient bone altar of Kikubaaqudgha.
  3384 | D:4      | Became a worshipper of Kikubaaqudgha
  3568 | D:4      | Reached skill level 5 in Ice Magic
  3667 | D:4      | Found a glowing golden altar of the Shining One.
  3893 | D:4      | Reached XP level 8. HP: 45/45 MP: 15/25
  3910 | D:4      | Found a bloodstained altar of Trog.
  4215 | D:5      | Entered Level 5 of the Dungeon
  4252 | D:5      | Reached skill level 6 in Spellcasting
  4291 | D:5      | Acquired Kikubaaqudgha's first power
  4291 | D:5      | Received a gift from Kikubaaqudgha
  4292 | D:5      | Identified Kikubaaqudgha's Tome of Evil Arts (Kikubaaqudgha gifted it to you on level 5 of the Dungeon)
  4297 | D:5      | Learned a level 3 spell: Regeneration
  4300 | D:5      | Learned a level 2 spell: Sublimation of Blood
  4456 | D:5      | Found Gaguasouda's General Store.
  4509 | D:5      | Got an encrusted hand axe
  4510 | D:5      | Identified the +9 hand axe of Piral {freeze, Contam rF+ Dex+2} (You found it on level 5 of the Dungeon)
  4859 | D:6      | Reached skill level 1 in Necromancy
  4950 | D:6      | Reached skill level 5 in Charms
  5001 | D:6      | Noticed Menkaure
  5006 | D:6      | Killed Menkaure
  5934 | D:6      | Acquired Kikubaaqudgha's second power
  6111 | D:7      | Found a stormy altar of Qazlal.
  6140 | D:7      | Reached skill level 7 in Spellcasting
  6167 | D:7      | Found an iron altar of Okawaru.
  6179 | D:7      | Reached XP level 9. HP: 41/51 MP: 19/27
  6262 | D:7      | Reached skill level 5 in Dodging
  6625 | D:7      | Found a staircase to the Ecumenical Temple.
  6642 | D:7      | Gained mutation: Your mind is acute. (Int +2) [potion of mutation]
  6642 | D:7      | Gained mutation: You occasionally shout uncontrollably at your foes. [potion of mutation]
  6642 | D:7      | Gained mutation: You are weak. (Str -2) [potion of mutation]
  7033 | D:7      | Found an ancient bone altar of Kikubaaqudgha.
  7045 | D:7      | Reached skill level 5 in Conjurations
  7446 | D:8      | Noticed Psyche
  7446 | D:8      | Noticed a hill giant
  7453 | D:8      | Killed a hill giant
  7453 | D:8      | Reached skill level 8 in Spellcasting
  7458 | D:8      | Killed Psyche
  7499 | D:8      | Noticed Duvessa
  7513 | D:8      | Killed Duvessa
  7513 | D:8      | Reached XP level 10. HP: 51/57 MP: 5/30
  7663 | D:8      | Found a stormy altar of Qazlal.
  7843 | D:8      | Noticed Erolcha
  7850 | D:8      | Killed Erolcha
  7985 | D:8      | Found a radiant altar of Vehumet.
  8059 | D:8      | Learned a level 6 spell: Freezing Cloud
  8403 | D:8      | Noticed Dowan
  8406 | D:8      | Blown up by Dowan

Action                   |  1- 3 |  4- 6 |  7- 9 | 10-12 || total
-------------------------+-------+-------+-------+-------++-------
Melee: Unarmed           |     7 |       |       |       ||     7
       Dagger            |    11 |    24 |       |       ||    35
       Quarterstaff      |       |    17 |     5 |       ||    22
       Hand axe          |       |       |   109 |    44 ||   153
 Cast: Freeze            |    46 |    50 |   103 |    30 ||   229
       Throw Frost       |       |    45 |   107 |    21 ||   173
       Throw Icicle      |       |     2 |    26 |    13 ||    41
       Ozocubu's Armour  |       |     1 |     9 |     5 ||    15
       Condensation Shie |       |     1 |     8 |     5 ||    14
       Regeneration      |       |       |     1 |       ||     1
  Use: Potion            |     2 |     6 |     5 |       ||    13
       Scroll            |       |     5 |     3 |     1 ||     9
 Stab: Sleeping          |     8 |     4 |     7 |     2 ||    21
  Eat: Chunk             |       |     8 |    15 |     3 ||    26
